 Dungeon Crawl Stone Soup version 0.24.0-1-gfbc8707122 (webtiles) character file.

Game seed: 15434862691394200551, levelgen mode: deterministic

279 Aviak the Conjurer (level 6, -11/45 HPs)
             Began as a Draconian Conjurer on Oct 26, 2019.
             Killed from afar by Dowan (18 damage)
             ... with a shard of ice
             ... on level 4 of the Dungeon.
             The game lasted 00:07:04 (3475 turns).

Aviak the Conjurer (Draconian Conjurer)             Turns: 3475, Time: 00:07:05

Health: -11/45     AC:  6    Str: 11    XL:     6   Next: 5%
Magic:  3/11       EV: 13    Int: 16    God:
Gold:   122        SH:  0    Dex: 12    Spells: 6/12 levels left

rFire    . . .     SeeInvis .   p - +2 dagger (venom)
rCold    . . .     Gourm    .   (no shield)
rNeg     . . .     Faith    .   (armour unavailable)
rPois    .         Spirit   .   (helmet restricted)
rElec    .         Reflect  .   (no cloak)
rCorr    .         Harm     .   (no gloves)
MR       .....                  (no boots)
Stlth    ++........             e - amulet of regeneration
HPRegen  0.55/turn              (no ring)
MPRegen  0.12/turn              (no ring)

@: no status effects
A: unfitting armour, cold-blooded, AC +6
a: no special abilities


You were on level 4 of the Dungeon.
You were not hungry.

You visited 1 branch of the dungeon, and saw 4 of its levels.

You collected 122 gold pieces.

Inventory:

Hand Weapons
 c - a +0 club
 p - a +2 dagger of venom (weapon)
Magical Staves
 l - an uncursed staff of power {MP+15, !a}
Jewellery
 e - an amulet of regeneration (around neck)
Scrolls
 a - 3 scrolls of remove curse {unknown}
 f - 3 scrolls of identify {unknown}
 g - a scroll of immolation {unknown}
 i - 2 scrolls of amnesia {unknown}
 m - 5 scrolls of fog {unknown}
 n - 3 scrolls of teleportation {unknown}
 r - a scroll of enchant armour {unknown}
Potions
 d - a potion of curing {unknown}
 h - a potion of heal wounds {unknown}
 j - a potion of brilliance {unknown}
 k - a potion of magic {unknown}
 o - a potion of degeneration {unknown}
 q - a potion of ambrosia {unknown}
Comestibles
 b - 7 rations


   Skills:
 + Level 3.5 Dodging
 - Level 1.7 Stealth
 + Level 3.7 Spellcasting
 + Level 5.3 Conjurations


You had 6 spell levels left.
You knew the following spells:

 Your Spells              Type           Power        Failure   Level  Hunger
a - Magic Dart            Conj           ###.         1%          1    None
b - Searing Ray           Conj           ###...       3%          2    ##.....
c - Dazzling Spray        Conj/Hex       ##....       17%         3    ###....

Your spell library contained the following spells:

 Spells                   Type           Power        Failure   Level  Hunger
 Iskenderun's Mystic Bla  Conj           ###.....     19%         4    ####...
 Force Lance              Conj/Tloc      ##......     50%         4    ####...
 Fulminant Prism          Conj/Hex       ##........   50%         4    ####...


Dungeon Overview and Level Annotations

Branches:
Dungeon (4/15)
 Temple: D:4-7

Altars:
Trog

Annotations:
D:4 Dowan


Innate Abilities, Weirdness & Mutations

Your plain brown scales are hard. (AC +6)
You cannot fit into any form of body armour.
You are cold-blooded and may be slowed by cold attacks.


Message History

Dowan blinks!
You hit Dowan.
Your tail-slap misses Dowan.
Dowan is lightly wounded.
Dowan barely misses you.
You barely miss Dowan.
Dowan is lightly wounded.
Dowan hits you but does no damage. x2
You closely miss Dowan.
Dowan is lightly wounded.
Dowan closely misses you.
You hit Dowan.
Dowan is poisoned.
Dowan is lightly wounded.
Dowan casts a spell at you. The shard of ice hits you!!
* * * LOW HITPOINT WARNING * * *
Dowan gestures wildly while chanting.
Dowan blinks!
Dowan gestures at you while chanting. The shard of ice hits you!!
You die...

#..##... #.........# ##...
..#.# #.........#
#...##....# #.........#
##......##.# #...!.....#
.....#.##..# #.........#
...#.#.....# #.........#
...........# #..........
...........# #.###......
...........#####@# .....<
............e...)###......
............##............
............#..#####......
..............## ..<..
............### ....
............# ...
............# ##
...........##


You could see Dowan.

Vanquished Creatures
  Duvessa (D:4)
  A howler monkey (D:2)
  6 adders
  A worm (D:2)
  2 dart slugs
  4 leopard geckos
  2 orcs (D:3)
  7 bats
  3 giant cockroaches
  7 hobgoblins
  6 jackals
  6 kobolds
  A quokka (D:2)
  9 ball pythons
  3 frilled lizards
  3 goblins (D:1)
  5 rats
67 creatures vanquished.

Notes
Turn   | Place    | Note
-------+----------+-------------------------------------------
     0 | D:1      | Aviak the Draconian Conjurer began the quest for the Orb.
     0 | D:1      | Reached XP level 1. HP: 14/14 MP: 3/3
   188 | D:1      | Reached XP level 2. HP: 5/20 MP: 1/5
   441 | D:1      | Learned a level 2 spell: Searing Ray
  1248 | D:2      | Reached XP level 3. HP: 26/26 MP: 2/6
  1384 | D:2      | Found a bloodstained altar of Trog.
  1403 | D:2      | Reached XP level 4. HP: 29/33 MP: 2/8
  2149 | D:2      | Learned a level 3 spell: Dazzling Spray
  2372 | D:3      | Reached XP level 5. HP: 29/38 MP: 9/9
  2508 | D:3      | Reached skill level 5 in Conjurations
  3432 | D:4      | Noticed Duvessa
  3435 | D:4      | Noticed Dowan
  3457 | D:4      | Killed Duvessa
  3457 | D:4      | Reached XP level 6. HP: 17/45 MP: 1/11
  3475 | D:4      | Killed from afar by Dowan

Levels and vault maps discovered:
D:1:      dpeg_arrival_windows_large_door, layout_basic, serial_corexii_hall,
          corexii_hall_statues_i, corexii_hall_statues_deadend,
          corexii_hall_statues_s, corexii_hall_statues_u
D:2:      layout_basic, lemuel_crystal_altar
D:3:      layout_basic, minmay_snake_closets
D:4:      layout_rooms, vehumet_statue, uniq_duvessa

Skill      XL: |  1  2  3  4  5 |
---------------+----------------+-----
Dodging        | 2 3 |  3.5
Spellcasting   | 3 |  3.7
Conjurations   | 5 |  5.3
Stealth        | |  1.7

Action                   |  1- 3 |  4- 6 || total
-------------------------+-------+-------++-------
Melee: Club              |    41 |    18 ||    59
       Tailslap          |     3 |     9 ||    12
       Staff             |       |    28 ||    28
       Dagger            |       |    67 ||    67
 Cast: Magic Dart        |    21 |       ||    21
       Searing Ray       |     5 |     6 ||    11
 Stab: Sleeping          |       |     8 ||     8
  Eat: Chunk             |     2 |     7 ||     9
Armor: Skin              |    25 |    29 ||    54
Dodge: Dodged            |    46 |    83 ||   129
